 Dungeon Crawl Stone Soup version 0.30-a0-691-g754fce4c43 (webtiles) character file.

Game seed: 11943420321942629722

63 Absynth the Grasshopper (level 4, 38/38 HPs)
             Began as a Gnoll Warper on Jan 19, 2023.
             Quit the game on level 2 of the Dungeon.
             The game lasted 00:03:03 (1292 turns).

Absynth the Grasshopper (Gnoll Warper)              Turns: 1292, Time: 00:03:04

Health: 38/38      AC:  3    Str: 10    XL:     4   Next: 10%
Magic:  11/11      EV: 13    Int: 14    God:
Gold:   92         SH:  0    Dex: 12    Spells: 13/13 levels left

rFire   . . .      SeeInvis .    b - +0 longbow
rCold   . . .      Faith    .    (shield currently unavailable)
rNeg    . . .      Spirit   .    l - +0 leather armour
rPois   .          Reflect  .    (no helmet)
rElec   .          Harm     .    (no cloak)
rCorr   .          Rampage  .    (no gloves)
Will    .....                    (no boots)
Stlth   +                        (no amulet)
HPRegen 0.26/turn                (no ring)
MPRegen 0.12/turn                (no ring)

@: no status effects
A: fangs 1, strong nose, distributed training
a: no special abilities


You were on level 2 of the Dungeon.
You visited 1 branch of the dungeon, and saw 2 of its levels.

You collected 92 gold pieces.

Inventory:

Hand Weapons
 a - a +0 spear
 b - a +0 longbow (weapon)
 e - a +0 glaive
Missiles
 d - 7 boomerangs of dispersal
Armour
 l - a +0 leather armour (worn)
Scrolls
 c - a scroll of blinking
 f - 5 scrolls of identify {unknown}
 g - a scroll of vulnerability {unknown}
 i - a scroll of fog {unknown}
 k - a scroll of enchant armour {unknown}
 m - a scroll of amnesia {unknown}
 n - a scroll of magic mapping {unknown}
Potions
 h - 4 potions of curing {unknown}
 j - 2 potions of berserk rage {unknown}
 o - a potion of haste {unknown}


   Skills:
 + Level 4.6 Fighting
 + Level 1.1 Short Blades
 + Level 1.1 Long Blades
 + Level 1.1 Axes
 + Level 1.1 Maces & Flails
 + Level 4.6 Polearms
 + Level 1.1 Staves
 + Level 1.1 Ranged Weapons
 + Level 2.7 Throwing
 + Level 2.7 Armour
 + Level 4.6 Dodging
 + Level 1.1 Stealth
 + Level 1.1 Shields
 + Level 1.1 Unarmed Combat
 + Level 5.0 Spellcasting
 + Level 0.8 Conjurations
 + Level 0.8 Hexes
 + Level 0.8 Summonings
 + Level 0.8 Necromancy
 + Level 5.4 Translocations
 + Level 0.8 Transmutations
 + Level 0.8 Fire Magic
 + Level 0.8 Ice Magic
 + Level 0.8 Air Magic
 + Level 0.8 Earth Magic
 + Level 0.8 Poison Magic
 + Level 1.2 Invocations
 + Level 1.1 Evocations


You had 13 spell levels left.
You didn't know any spells.
Your spell library contained the following spells:

 Spells                   Type           Power      Damage    Failure   Level
 Blink                    Tloc           36%        N/A       3%          2
 Lesser Beckoning         Tloc           36%        N/A       3%          2
 Teleport Other           Tloc           18%        N/A       7%          3
 Vhi's Electric Charge    Tloc/Air       24%        N/A       19%         3
 Manifold Assault         Tloc           18%        N/A       24%         4


Dungeon Overview and Level Annotations

Branches:
Dungeon (2/15)

Altars:


Innate Abilities, Weirdness & Mutations

You have very sharp teeth.
Your uncanny sense of smell can sniff out nearby items.
Your experience applies equally to all skills.


Message History

Your Unarmed Combat skill increases to level 1!
Your Evocations skill increases to level 1!
No target in view!
n - a scroll labelled CEETYM VANIZE
o - an emerald potion You see here a +0 dagger.
You open the door.
There is an open door here.
You open the door.
There is an open door here.
Found a stone staircase leading down.
You open the door.
There is an open door here.
You now have 92 gold pieces (gained 11).
There is an open door here.
Found a stone staircase leading up.
You open the door.
An adder comes into view.
You shoot an arrow. The arrow hits the adder!
The adder hisses angrily.
The adder is severely wounded.
You shoot an arrow. The arrow barely misses the adder.
You shoot an arrow. The arrow hits the adder!
You kill the adder!
Found a club.
You see here a +0 club.
You open the door. You open the door.
There is an open door here.
You open the door.
Found a stone staircase leading down.
There is an open door here.
f - 5 scrolls labelled GEHORE XOEMI (gained 1)
An adder comes into view.
You shoot an arrow. The arrow misses the adder.
You shoot an arrow. The arrow hits the adder!
You kill the adder!
You have reached level 4!
You feel agile.
Are you sure you want to abandon this character and quit the game? (Confirm with "yes".)

#... ###.# ####... ..#.#
#...... .......####.#.#
#...... ..........#.#.#
#...... ........#.#.#.#
#...... ........#.#.#.#
#......
........#.#.#.####......
.................>......
.......@#.#.###.........
........#.#.# #.##......
........#.#.# #.######'#
....†...#.#.# ..# #..
........#.#.#.### ###
........#.....
........#..## ###
........#...#########.##
...<............


There were no monsters in sight!

Vanquished Creatures
  3 adders (D:2)
  4 ball pythons (D:1)
  A bat (D:1)
  5 endoplasms
  A giant cockroach (D:1)
  4 goblins
  3 hobgoblins (D:1)
  3 jackals (D:1)
  3 kobolds (D:1)
  4 frilled lizards (D:1)
  A rat (D:1)
32 creatures vanquished.

Notes
Turn   | Place    | Note
-------+----------+-------------------------------------------
     0 | D:1      | Absynth the Gnoll Warper began the quest for the Orb.
     0 | D:1      | Reached XP level 1. HP: 20/20 MP: 6/6
    75 | D:1      | Reached XP level 2. HP: 23/26 MP: 7/7
   352 | D:1      | Reached skill level 5 in Spellcasting
   352 | D:1      | Reached XP level 3. HP: 9/31 MP: 7/9
  1092 | D:2      | Reached skill level 1 in Invocations
  1133 | D:2      | Reached skill level 1 in Short Blades
  1133 | D:2      | Reached skill level 1 in Long Blades
  1133 | D:2      | Reached skill level 1 in Axes
  1133 | D:2      | Reached skill level 1 in Maces & Flails
  1133 | D:2      | Reached skill level 1 in Staves
  1133 | D:2      | Reached skill level 1 in Ranged Weapons
  1133 | D:2      | Reached skill level 1 in Stealth
  1133 | D:2      | Reached skill level 1 in Shields
  1133 | D:2      | Reached skill level 1 in Unarmed Combat
  1133 | D:2      | Reached skill level 1 in Evocations
  1292 | D:2      | Reached XP level 4. HP: 38/38 MP: 11/11
  1292 | D:2      | Quit the game

Illustrated notes

Levels and vault maps discovered:
D:1:      wander_arrival_desolate, layout_loops_ring, roderic_lattice_a,
          hangedman_abyss_or_decor_lesser_grid, minmay_misc_feat_enclosed,
          minmay_misc_feat_iff
D:2:      layout_basic, serial_shops, nicolae_shop_statue_plus,
          grunt_decor_fettered, minmay_unequal

Skill      XL: |  1  2  3 |
---------------+----------+-----
Spellcasting   | 5 |  5.0
Invocations    | 1 |  1.2
Short Blades   | 1 |  1.1
Long Blades    | 1 |  1.1
Axes           | 1 |  1.1
Maces & Flails | 1 |  1.1
Staves         | 1 |  1.1
Ranged Weapons | 1 |  1.1
Stealth        | 1 |  1.1
Shields        | 1 |  1.1
Unarmed Combat | 1 |  1.1
Evocations     | 1 |  1.1
Fighting       | |  4.6
Polearms       | |  4.6
Throwing       | |  2.7
Armour         | |  2.7
Dodging        | |  4.6
Conjurations   | |  0.8
Hexes          | |  0.8
Summonings     | |  0.8
Necromancy     | |  0.8
Translocations | |  5.4
Transmutations | |  0.8
Fire Magic     | |  0.8
Ice Magic      | |  0.8
Air Magic      | |  0.8
Earth Magic    | |  0.8
Poison Magic   | |  0.8

Action                   |  1- 3 |  4- 6 || total
-------------------------+-------+-------++-------
Melee: Glaive            |    57 |       ||    57
       Bite              |     2 |       ||     2
       Spear             |    29 |       ||    29
 Fire: Longbow           |     9 |       ||     9
 Stab: Sleeping          |     3 |       ||     3
Armor: Leather armour    |    22 |       ||    22
Dodge: Dodged            |    58 |       ||    58

Table legend: (Time is in decaauts)
 A = Elapsed time spent in this place.
 B = Non-inter-level travel time spent in this place.
 C = Inter-level travel time spent in this place.
 D = Time resting spent in this place.
 E = Time spent auto-exploring this place.
 F = Levels seen in this place.
 G = Mean time per level.
                   A        B        C        D        E       F      G
               +--------+--------+--------+--------+--------+-----+--------+
         Total |   1317 |   1280 |     37 |    106 |    928 |   2 |  658.5 |
       Dungeon |   1317 |   1280 |     37 |    106 |    928 |   2 |  658.5 |
               +--------+--------+--------+--------+--------+-----+--------+

Top non-repeatable levels by time:
     D:1: 1038 daAuts
     D:2: 279 daAuts
